 Dungeon Sprint DCSS version 0.27-a0-1332-g84bddb5ca7 (webtiles) character file.

Game seed: 9785204033735271862

2441 mhtbhm the Eclecticist (level 9, -4/51 HPs)
             Began as a Deep Elf Earth Elementalist on June 25, 2021.
             Was a Believer of Vehumet.
             Shot with an arrow by a centaur warrior (14 damage)
             ... in the Dungeon (Sprint IX: "|||||||||||||||||||||||||||||").
             The game lasted 00:02:11 (648 turns).

mhtbhm the Eclecticist (Deep Elf Earth Elementalist) Turns: 648, Time: 00:02:12

Health: -4/51      AC:  4    Str: 11    XL:     9   Next: 25%
Magic:  28/30      EV: 16    Int: 27    God:    Vehumet [**....]
Gold:   0          SH:  0    Dex: 15    Spells: 23/38 levels left

rFire    . . .     SeeInvis .   a - +4 quarterstaff "Sitas" {flame, rC+ Str+3}
rCold    + . .     Faith    .   (shield currently unavailable)
rNeg     . . .     Spirit   .   b - +0 robe
rPois    .         Reflect  .   n - +0 helmet
rElec    .         Harm     .   (no cloak)
rCorr    .         Rampage  .   m - +0 pair of gloves
Will     .....     NoTele   +   (no boots)
Stlth    ++++......             (no amulet)
HPRegen  0.17/turn              o - +3 ring of strength
MPRegen  0.22/turn              p - +3 ring of intelligence

@: no status effects
A: no striking features
a: Renounce Religion


You were in the Dungeon.
You worshipped Vehumet.
Vehumet was pleased with you.
You visited 1 branch

Inventory:

Hand Weapons
 a - the +4 quarterstaff "Sitas" (weapon) {flame, rC+ Str+3}
   (You found it in the Dungeon)

   It has been specially enchanted to burn those struck by it, causing extra
   injury to most foes and up to half again as much damage against particularly
   susceptible opponents.
   It affects your strength (+3).
   It protects you from cold.
Missiles
 i - 14 stones
Armour
 b - a +0 robe (worn)
 m - a +0 pair of gloves (worn)
 n - a +0 helmet (worn)
Jewellery
 o - a +3 ring of strength (left hand)
 p - a +3 ring of intelligence (right hand)
Wands
 k - a wand of acid (3)
Scrolls
 h - 2 scrolls of blinking
 j - 2 scrolls of amnesia
Potions
 c - 5 potions of curing
 d - 2 potions of heal wounds
 e - a potion of haste
 f - 3 potions of magic
 g - a potion of berserk rage
 l - a potion of invisibility


   Skills:
 + Level 3.3 Fighting
 + Level 1.4 Staves
 + Level 8.5 Dodging
 + Level 7.0 Stealth
 + Level 15.4 Spellcasting
 + Level 2.0 Transmutations
 + Level 14.9 Earth Magic
 + Level 3.2 Evocations


You had 23 spell levels left.
You knew the following spells:

 Your Spells              Type           Power      Damage    Failure   Level
a - Sandblast             Erth           100%       2d20      0%          1
b - Passwall              Tmut/Erth      50%        N/A       1%          2
c - Stone Arrow           Conj/Erth      100%       3d13      1%          3
d - Lee's Rapid Deconstr  Erth           39%        3d20*     1%          5
e - Petrify               Tmut/Erth      61%        N/A       1%          4

Your spell library contained the following spells:

 Spells                   Type           Power      Damage    Failure   Level
 Freeze                   Ice            80%        1d9       2%          1


Dungeon Overview and Level Annotations

Branches:
Dungeon (1/1)

Altars:
Cheibriados
Dithmenos
Elyvilon
Fedhas
Gozag
Hepliaklqana
Kikubaaqudgha
Makhleb
Nemelex Xobeh
Okawaru
Qazlal
Ru
Sif Muna
Trog
Uskayaw
Vehumet
Wu Jian
Xom
Yredelemnul
Zin
The Shining One
Beogh
Jiyva
Lugonu


Message History

The bolt of acid hits the centaur warrior!
The centaur warrior is splashed with acid.
The centaur warrior is severely wounded.
The bolt of acid hits the centaur warrior!!
The centaur warrior is splashed with acid.
You kill the centaur warrior!
Vehumet accepts your kill.
You feel your power returning.
The bolt of acid hits the slime creature!
The slime creature is splashed with acid.
The slime creature is moderately wounded.
The centaur warrior shoots an arrow.
The arrow hits you!
* * * LOW HITPOINT WARNING * * *
Your Stealth skill increases to level 7!
Your Spellcasting skill increases to level 15!
Your Evocations skill increases to level 3!
You have reached level 9!
Your experience leads to an increase in your attributes!
Your base attributes are Str 5, Int 23, Dex 15.
Increase (S)trength, (I)ntelligence, or (D)exterity?
You feel clever.
Unknown command.
Unknown command.
Aiming: Corrosive Bolt
Press: ? - help, Shift-Dir - straight line, f/p - centaur warrior
Aim: a centaur warrior, wielding a +0 shortbow and quivering arrows (severely wounded, covered in acid, 81% to hit)
The bolt of acid hits the centaur warrior.
The centaur warrior is splashed with acid.
The centaur warrior seems to be corroded for longer.
The centaur warrior is almost dead.
The bolt of acid hits the slime creature!!
The slime creature is splashed with acid.
The acid corrodes the slime creature!
The slime creature is severely wounded.
The bolt of acid hits the centaur warrior!
The centaur warrior is splashed with acid.
The acid corrodes the centaur warrior!
The centaur warrior is moderately wounded.
The centaur warrior shoots an arrow.
The arrow hits you!
You die...

▓.▓
▓)▓
▓'▓
▓)▓
▓.▓
▓.▓
▓.▓
▓.▓
▓@▓
▓)▓
▓c▓
▓)▓
▓J▓
▓c▓
▓.▓
▓.▓


You could see a slime creature (corroded) and 2 centaur warriors.

Vanquished Creatures
  A two-headed ogre (D)
  2 centaur warriors (D)
  A shadow (D)
  A vampire (D)
  A centaur (D)
  A wight (D)
  A jelly (D)
  A hound (D)
  An orc wizard (D)
  2 ball pythons (D)
  A goblin (D)
  A hobgoblin (D)
  A jackal (D)
  A kobold (D)
  A ball python skeleton (D)
  2 ball python zombies (D)
19 creatures vanquished.

Notes
Turn   | Place    | Note
-------+----------+-------------------------------------------
     0 | D        | mhtbhm the Deep Elf Earth Elementalist began the quest for
                  | the Orb.
     0 | D        | Reached XP level 1. HP: 10/10 MP: 6/6
     0 | D        | Banished a spatial maelstrom
     9 | D        | Reached skill level 4 in Spellcasting
   272 | D        | Noticed a jelly
   272 | D        | Noticed a hound
   274 | D        | Killed a jelly
   275 | D        | Reached skill level 5 in Spellcasting
   275 | D        | Reached skill level 5 in Earth Magic
   275 | D        | Reached XP level 2. HP: 16/16 MP: 6/10
   275 | D        | Reached XP level 3. HP: 20/20 MP: 6/11
   279 | D        | Learned a level 2 spell: Passwall
   283 | D        | Learned a level 3 spell: Stone Arrow
   317 | D        | Reached skill level 6 in Spellcasting
   317 | D        | Reached XP level 4. HP: 24/24 MP: 9/14
   338 | D        | Found a snail-covered altar of Cheibriados.
   338 | D        | Found a shadowy altar of Dithmenos.
   338 | D        | Found a white marble altar of Elyvilon.
   338 | D        | Found a blossoming altar of Fedhas.
   338 | D        | Found an opulent altar of Gozag.
   339 | D        | Found a hazy altar of Hepliaklqana.
   340 | D        | Found a viscous altar of Jiyva.
   341 | D        | Found an ancient bone altar of Kikubaaqudgha.
   342 | D        | Found a corrupted altar of Lugonu.
   343 | D        | Found a burning altar of Makhleb.
   344 | D        | Found a sparkling altar of Nemelex Xobeh.
   345 | D        | Found an iron altar of Okawaru.
   346 | D        | Found a stormy altar of Qazlal.
   347 | D        | Found a sacrificial altar of Ru.
   348 | D        | Found a shimmering blue altar of Sif Muna.
   349 | D        | Found a bloodstained altar of Trog.
   350 | D        | Found a hide-covered altar of Uskayaw.
   351 | D        | Found a radiant altar of Vehumet.
   352 | D        | Found an ornate altar of the Wu Jian Council.
   353 | D        | Found a shimmering altar of Xom.
   354 | D        | Found a basalt altar of Yredelemnul.
   355 | D        | Found a glowing silver altar of Zin.
   356 | D        | Found a glowing golden altar of the Shining One.
   359 | D        | Became a worshipper of Vehumet
   387 | D        | Got the +4 quarterstaff "Sitas" {flame, rC+ Str+3}
   512 | D        | Noticed a two-headed ogre
   512 | D        | Noticed a centaur
   512 | D        | Noticed a vampire
   517 | D        | Killed a two-headed ogre
   518 | D        | Reached skill level 12 in Spellcasting
   518 | D        | Reached skill level 1 in Evocations
   518 | D        | Reached XP level 5. HP: 4/30 MP: 8/21
   518 | D        | Reached XP level 6. HP: 5/35 MP: 8/23
   518 | D        | Reached XP level 7. HP: 6/40 MP: 8/24
   518 | D        | Reached * piety under Vehumet
   518 | D        | Offered knowledge of Freeze by Vehumet.
   525 | D        | Killed a vampire
   530 | D        | Reached ** piety under Vehumet
   531 | D        | Reached XP level 8. HP: 28/45 MP: 8/26
   537 | D        | Learned a level 5 spell: Lee's Rapid Deconstruction
   542 | D        | Learned a level 4 spell: Petrify
   642 | D        | Noticed a centaur warrior
   642 | D        | Noticed a centaur warrior
   642 | D        | Noticed a centaur warrior
   642 | D        | Noticed a slime creature
   642 | D        | Noticed a centaur warrior
   646 | D        | Reached skill level 13 in Spellcasting
   646 | D        | Killed a centaur warrior
   647 | D        | Reached skill level 1 in Staves
   647 | D        | Reached skill level 14 in Spellcasting
   647 | D        | Killed a centaur warrior
   648 | D        | Reached skill level 15 in Spellcasting
   648 | D        | Reached XP level 9. HP: 10/51 MP: 28/30
   648 | D        | Shot with an arrow by a centaur warrior

Illustrated notes

Levels and vault maps discovered:
D:        linesprint [early_d, line_temple, items_1, d_10, items_2, lair_1,
          lair_end, items_3, orc_1, orc_end, items_4, d_15, swamp_1, shoals_1,
          snake_1, spider_1, d_20, vaults_1, items_5, swamp_end, shoals_end,
          snake_end, spider_end, vaults_end, d_27, items_6, zot_1, zot_end,
          crypt_end, forest_end, elf_end, slime_end, tomb_end, abyss_end,
          pan_hell_end]

Skill      XL: |  1  2  3  4  5  6  7  8 |
---------------+-------------------------+-----
Spellcasting   | 5 6 12 15 | 15.4
Dodging        | 4 7 8 |  8.5
Earth Magic    | 5 6 12 14 | 14.9
Stealth        | 3 6 7 |  7.0
Fighting       | 2 3 |  3.3
Evocations     | 1 3 |  3.2
Transmutations | 2 |  2.0
Staves         | 1 |  1.4

Action                   |  1- 3 |  4- 6 |  7- 9 || total
-------------------------+-------+-------+-------++-------
Melee: Quarterstaff      |       |       |     1 ||     1
 Cast: Sandblast         |     8 |     6 |     7 ||    21
       Stone Arrow       |     1 |     1 |       ||     2
Evoke: Wand              |       |     1 |     6 ||     7
  Use: Potion            |     1 |       |     1 ||     2
Armor: Robe              |     1 |       |     6 ||     7
Dodge: Dodged            |     4 |     4 |     6 ||    14

Table legend: (Time is in decaauts)
 A = Elapsed time spent in this place.
 B = Non-inter-level travel time spent in this place.
 C = Inter-level travel time spent in this place.
 D = Time resting spent in this place.
 E = Time spent auto-exploring this place.
 F = Levels seen in this place.
 G = Mean time per level.
                   A        B        C        D        E       F      G
               +--------+--------+--------+--------+--------+-----+--------+
         Total |    646 |    646 |      0 |    494 |      3 |   1 |  646.0 |
       Dungeon |    646 |    646 |      0 |    494 |      3 |   1 |  646.0 |
               +--------+--------+--------+--------+--------+-----+--------+

Top non-repeatable levels by time:
       D: 646 daAuts
